 Dungeon Crawl Stone Soup version 0.21-a0-507-ga8f6b7a (webtiles) character file.

186 zewo the Cutter (level 5, -1/24 HPs)
             Began as a Vine Stalker Enchanter on Nov 11, 2017.
             Killed from afar by Natasha (5 damage)
             ... with a magic dart
             ... on level 2 of the Dungeon on Nov 28, 2017.
             The game lasted 00:04:45 (1624 turns).

zewo the Cutter (Vine Stalker Enchanter)            Turns: 1624, Time: 00:04:46

Health: -1/24      AC:  2    Str: 14    XL:     5   Next: 65%
Magic:  0/9        EV: 12    Int: 16    God:
Gold:   53         SH:  0    Dex: 14    Spells: 5/8 levels left

rFire    . . .     SeeInvis .   a - +1 dagger
rCold    . . .     Gourm    .   (no shield)
rNeg     . . .     Faith    .   b - +0 robe
rPois    .         Spirit   +   (no helmet)
rElec    .         Reflect  .   (no cloak)
rCorr    .         Harm     .   (no gloves)
MR       .....                  (no boots)
Stlth    ++........             (no amulet)
HPRegen  0.48/turn              m - +3 ring of strength
MPRegen  0.11/turn              (no ring)

@: no status effects
A: fangs 2, regeneration 1, magic shield, antimagic bite, no potion heal 3, rot
immunity
a: no special abilities


You were on level 2 of the Dungeon.
You were hungry.

You visited 1 branch of the dungeon, and saw 2 of its levels.

You collected 53 gold pieces.

Inventory:

Hand Weapons
 a - a +1 dagger (weapon)
Armour
 b - a +0 robe (worn)
Jewellery
 m - a +3 ring of strength (left hand)
Scrolls
 e - a scroll of noise {unknown}
Potions
 g - a potion of flight
 i - a potion of lignification {unknown}
 j - a potion of curing {unknown}
 l - a potion of brilliance {unknown}
Books
 c - a book of Maledictions

   Spells                             Type                      Level
   a - Corona                         Hexes                        1
   b - Ensorcelled Hibernation        Hexes/Ice                    2
   c - Confuse                        Hexes                        3
   d - Tukima's Dance                 Hexes                        3
   e - Dazzling Spray                 Conjuration/Hexes            3
Comestibles
 d - a bread ration
 f - a meat ration
 h - 4 fruits
 k - a chunk of flesh


   Skills:
 + Level 4.7 Short Blades
 - Level 1.5 Dodging
 - Level 3.6 Stealth
 - Level 2.1 Spellcasting
 + Level 3.1 Hexes
 + Level 0.4 Ice Magic


You had 5 spell levels left.
You knew the following spells:

 Your Spells              Type           Power        Failure   Level  Hunger
a - Corona                Hex            ##.....      5%          1    #......
b - Ensorcelled Hibernat  Hex/Ice        #.....       14%         2    ###....


Dungeon Overview and Level Annotations

Branches:
Dungeon (2/15)

Altars:

Annotations:
D:2 Natasha


Innate Abilities, Weirdness & Mutations

You have extremely sharp teeth.
Your natural rate of healing is unusually fast.
When hurt, damage is shared between your health and your magic reserves.
Your bite disrupts and absorbs the magic of your enemies.
Potions cannot restore your health.
You are immune to rotting.


Message History

Natasha casts a spell at you. You resist with some effort.
Natasha barely misses you.
You hit Natasha. Your bite misses Natasha.
Natasha is moderately wounded.
You hit Natasha but do no damage. Your bite misses Natasha.
Natasha is moderately wounded.
Natasha claws you.
* * * LOW HITPOINT WARNING * * *
You barely miss Natasha.
Natasha is moderately wounded.
Natasha mumbles some strange words.
You feel disoriented. Natasha claws you.
* * * LOW HITPOINT WARNING * * *
You hit Natasha but do no damage. You bite Natasha.
Natasha's magic leaks into the air.
You drain her magic.
You feel invigorated.
Natasha is severely wounded.
Natasha stares at you and mumbles some strange words.
The magic dart hits you!
You die...

.....##..#
#.........#.# ##.
.###.##..#
#.##.#.#..#.# #. .#
#.##..#
#.........#.# #. .#
#.##..#
####.####.#.# #.
.###.###.# #>#
#.#.# #. .........#
#.# #.#.. ..
#######.)# #.#
#.#.. #
#..########h# #
#.........@.#
########.########.#
......##.# #.#
#####.##.########.#
#.............#
####.##########
#.........
##########


You could see Natasha.

Vanquished Creatures
  Sigmund (D:2)
  An adder (D:1)
  A worm (D:2)
  3 dart slugs
  A ball python (D:2)
  2 giant cockroaches (D:2)
  3 hobgoblins (D:1)
  3 bats (D:1)
  4 frilled lizards
  5 goblins
  5 kobolds
  2 rats (D:1)
31 creatures vanquished.

Notes
Turn   | Place    | Note
-------+----------+-------------------------------------------
     0 | D:1      | zewo the Vine Stalker Enchanter began the quest for the Orb.
     0 | D:1      | Reached XP level 1. HP: 9/9 MP: 4/4
    41 | D:1      | Reached skill level 1 in Short Blades
    86 | D:1      | Reached XP level 2. HP: 8/13 MP: 1/6
    91 | D:1      | Reached skill level 2 in Short Blades
   349 | D:1      | Upgraded the game from 0.21-a0-440-g28109cb to 0.21-a0-507-ga8f6b7a
  1079 | D:1      | Reached XP level 3. HP: 16/16 MP: 7/7
  1083 | D:1      | Learned a level 2 spell: Ensorcelled Hibernation
  1229 | D:2      | Noticed Sigmund
  1236 | D:2      | Killed Sigmund
  1236 | D:2      | Reached skill level 4 in Short Blades
  1236 | D:2      | Gained mutation: Your natural rate of healing is unusually fast. [Vine Stalker growth]
  1236 | D:2      | Reached XP level 4. HP: 21/21 MP: 8/8
  1236 | D:2      | Reached XP level 5. HP: 24/24 MP: 9/9
  1530 | D:2      | Noticed Natasha
  1624 | D:2      | Killed from afar by Natasha

Vault maps used:
D:1:      lemuel_arrival_muddy
D:2:      grunt_temple_overflow_cloverleaf, uniq_sigmund,
          uniq_crazy_yiuf_cottage, uniq_natasha

Skill      XL: |  1  2  3 |
---------------+----------+-----
Short Blades   | 1 2 4 |  4.7
Dodging        | |  1.5
Stealth        | |  3.6
Spellcasting   | |  2.1
Hexes          | |  3.1
Ice Magic      | |  0.4

Action                   |  1- 3 |  4- 6 || total
-------------------------+-------+-------++-------
Melee: Dagger            |    66 |    39 ||   105
       Bite              |    11 |     6 ||    17
 Cast: Corona            |     5 |     7 ||    12
       Ensorcelled Hiber |       |     1 ||     1
  Use: Scroll            |     2 |       ||     2
 Stab: Sleeping          |     2 |     3 ||     5
  Eat: Chunk             |       |     2 ||     2
Armor: Robe              |    13 |     3 ||    16
Dodge: Dodged            |    44 |    25 ||    69

Table legend:
 A = Spawn XP
 B = Non-spawn XP
 C = Spawn XP percentage of total XP
 D = Spawn monster count
 E = Non-spawn monster count
 F = Spawn count percentage of total count
 G = Total turns spent on level
                    A         B        C        D         E        F      G
               +---------+---------+-------+---------+---------+-------+---------
         Total |       0 |     266 |   0.0 |       0 |      31 |   0.0 |  1624
               +---------+---------+-------+---------+---------+-------+---------
           D:1 |       0 |      47 |   0.0 |       0 |      21 |   0.0 |  1286
           D:2 |       0 |     219 |   0.0 |       0 |      10 |   0.0 |   338
               +---------+---------+-------+---------+---------+-------+---------
